 Dungeon Crawl Stone Soup version 0.32-a0-571-gec57dfcd37 (webtiles) character file.

Game seed: 7632241819349373064

98 BeKind the Trooper (level 4, -5/33 HPs)
             Began as an Octopode Fighter on Mar 1, 2024.
             Slain by a gnoll
             ... wielding a +0 flail
              (9 damage)
             ... on level 2 of the Dungeon.
             The game lasted 00:02:29 (2309 turns).

BeKind the Trooper (Octopode Fighter)               Turns: 2309, Time: 00:02:31

Health: -5/33      AC:  1    Str: 17    XL:     4   Next: 69%
Magic:  4/4        EV: 13    Int: 10    God:
Gold:   64         SH:  4    Dex: 11    Spells: 3/3 levels left

rFire   . . .        l - +1 war axe (flame)
rCold   . . .        b - +0 buckler
rNeg    . . .        (helmet restricted)
rPois   .            (no amulet)
rElec   .            (no ring)
rCorr   .            (no ring)
SInv    .            (no ring)
Will    .....        (no ring)
Stlth   +            (no ring)
HPRegen 0.25/turn    (no ring)
MPRegen 0.09/turn    (no ring)
                     (no ring)

%: no passive effects
@: silenced
A: almost no armour, amphibious, 8 rings, camouflage 1, gelatinous body 1,
(nimble swimmer 1), tentacles
a: no special abilities


You were on level 2 of the Dungeon.
You visited 1 branch of the dungeon, and saw 3 of its levels.

You collected 64 gold pieces.

Inventory:

Hand Weapons
 a - a +0 war axe
 l - a +1 war axe of flaming (weapon)
Armour
 b - a +0 buckler (worn)
Scrolls
 d - 2 scrolls of enchant weapon {unknown}
 f - 5 scrolls of identify {unknown}
 h - a scroll of revelation {unknown}
 i - 2 scrolls of fog {unknown}
 j - a scroll of amnesia {unknown}
 k - a scroll of fear {unknown}
Potions
 c - a potion of might
 g - 2 potions of enlightenment {unknown}


   Skills:
 + Level 3.7 Fighting
 + Level 2.9 Axes
 + Level 3.6 Dodging
 + Level 3.6 Shields


You had 3 spell levels left.
You didn't know any spells.
Your spell library was empty.

Dungeon Overview and Level Annotations

Branches:
Dungeon (3/15)

Altars:
Elyvilon

Shops:
D:1 ?


Innate Abilities, Weirdness & Mutations

You cannot wear most types of armour.
You are amphibious.
You can wear up to eight rings at the same time.
Your skin changes colour to match your surroundings (Stealth+).
Your rubbery body absorbs attacks. (AC +1, EV +1)
((You are camouflaged when in or above water. (Stealth+)))
You have tentacles for arms and can constrict up to eight enemies at once.


Message History

You climb upwards.
There is a stone staircase leading down here.
You hit Robin. You burn Robin. Your grab misses Robin.
Robin is lightly wounded.
You hit the goblin. You burn the goblin. Robin closely misses you.
The goblin hits you but does no damage.
You closely miss the goblin. Your grab misses the goblin.
You squeeze the goblin.
You kill the goblin!
You barely miss Robin. Robin hits you with a +0 whip. Robin closely misses you.
You slash Robin! You burn Robin. Your grab misses Robin.
Your squeeze misses Robin.
Robin is severely wounded.
Robin hits you with a +0 whip.
You hit Robin but do no damage. You grab Robin. You squeeze Robin.
You kill Robin!
No target in view!
No target in view!
You climb downwards.
The goblin hits you with a +0 dagger. x2
The gnoll hits you with a +0 flail! The hobgoblin barely misses you.
The goblin misses you. x2; The goblin hits you with a +0 dagger.
The goblin closely misses you. The goblin barely misses you.
The goblin closely misses you. You block the gnoll's attack.
The hobgoblin closely misses you.
There is a stone staircase leading up, spattered with blood here.
The goblin hits you with a +0 dagger.
* * * LOW HITPOINT WARNING * * *
The goblin hits you but does no damage. The hobgoblin completely misses you.
The goblin hits you but does no damage. You block the gnoll's attack.
The goblin barely misses you.
You climb upwards.
There is a stone staircase leading down here.
As you read the scroll labelled UFRITT PUC CEY, it crumbles to dust.
A profound silence engulfs you.
It was a scroll of silence.
The goblin hits you with a +0 dagger.
* * * LOW HITPOINT WARNING * * *
The goblin hits you with a +0 dagger.
* * * LOW HITPOINT WARNING * * *
The goblin barely misses you. The gnoll hits you with a +0 flail!
You die...

###########
#..........
#.........#
#.#########
#.#.......# #.# #
#.#.......# #.# #
#.#....#'## #.#
#.#....#.# #.#
#.######g# #.# ##
#.# #g######.# #.
#.#
#@gg..##.########.
#.#
#gg....^........'.
#.#
#####.##)#....#.#.
######.#
#.##.#....#.##
#......#
#..#.#....#.#
#.######
##.#.#....#.# #.#
#.#.######.# #.#
#...#......# #.#
##..[......#


You could see a gnoll, a hobgoblin and 4 goblins.

Vanquished Creatures
  Robin (D:2)
  2 adders (D:2)
  A dart slug (D:2)
  A ribbon worm (D:2)
  10 bats
  5 endoplasms
  3 giant cockroaches
  6 goblins
  8 hobgoblins
  4 jackals (D:1)
  4 kobolds
  A quokka (D:1)
  6 ball pythons
  2 frilled lizards (D:1)
  2 rats
56 creatures vanquished.

Notes
Turn   | Place    | Note
-------+----------+-------------------------------------------
     0 | D:1      | BeKind the Octopode Fighter began the quest for the Orb.
     0 | D:1      | Reached XP level 1. HP: 16/16 MP: 1/1
   126 | D:1      | Reached XP level 2. HP: 15/21 MP: 2/2
   276 | D:1      | Found Dooxa's Magic Scroll Shop.
   309 | D:1      | Reached XP level 3. HP: 26/26 MP: 3/3
  1045 | D:2      | Reached XP level 4. HP: 26/31 MP: 4/4
  1579 | D:3      | Found a white marble altar of Elyvilon.
  1579 | D:3      | Noticed Robin
  2304 | D:2      | Killed Robin
  2309 | D:2      | Slain by a gnoll

Illustrated notes

Levels and vault maps discovered:
D:1:      zelgadis_glass_arrival_small, layout_basic, serial_shops, shop,
          dreamdust_princess_corridor, minmay_shallow_snake_nest
D:2:      layout_basic
D:3:      layout_basic, mainiacjoe_overflow_cross_hatched,
          mainiacjoe_overflow_surrounded_room, nicolae_overflow_hidden_temple,
          hellmonk_ecumenical_altar_zigzags, uniq_natasha, uniq_sigmund,
          uniq_robin

Action                     |  1- 3 |  4- 6 || total
---------------------------+-------+-------++-------
  Melee: War axe           |    51 |    28 ||    79
         Constrict         |    12 |     9 ||    21
         Tentacles         |    13 |     9 ||    22
    Use: Scroll            |       |     1 ||     1
   Stab: Sleeping          |     8 |     3 ||    11
 Armour: Skin              |    21 |    30 ||    51
  Dodge: Dodged            |    38 |    35 ||    73
  Block: Buckler           |    10 |     6 ||    16

Table legend: (Time is in decaauts)
 A = Elapsed time spent in this place.
 B = Non-inter-level travel time spent in this place.
 C = Inter-level travel time spent in this place.
 D = Time resting spent in this place.
 E = Time spent auto-exploring this place.
 F = Levels seen in this place.
 G = Mean time per level.
                   A        B        C        D        E       F      G
               +--------+--------+--------+--------+--------+-----+--------+
         Total |   2345 |   1925 |    420 |    607 |    982 |   3 |  781.7 |
       Dungeon |   2345 |   1925 |    420 |    607 |    982 |   3 |  781.7 |
               +--------+--------+--------+--------+--------+-----+--------+

Top non-repeatable levels by time:
     D:2: 1396 daAuts
     D:1: 914 daAuts
     D:3: 35 daAuts
